 Dungeon Crawl Stone Soup version 0.28.0-53-g5a82cb258f (webtiles) character file.

Game seed: 1104674373041593170

704 issech the Skirmisher (level 7, -6/61 HPs)
             Began as a Minotaur Monk on June 10, 2022.
             Mangled by an ogre
             ... wielding a +0 giant club
              (25 damage)
             ... on level 4 of the Dungeon.
             The game lasted 00:13:59 (4920 turns).

issech the Skirmisher (Minotaur Monk)               Turns: 4920, Time: 00:14:00

Health: -6/61      AC:  9    Str: 15    XL:     7   Next: 39%
Magic:  6/6        EV:  8    Int:  7    God:
Gold:   147        SH:  0    Dex: 15    Spells: 6/6 levels left

rFire   . . .      SeeInvis .   B - +1 spear
rCold   + . .      Faith    .   (no shield)
rNeg    . . .      Spirit   .   q - +0 chain mail
rPois   .          Reflect  .   (helmet restricted)
rElec   .          Harm     .   (no cloak)
rCorr   .          Rampage  .   (no gloves)
Will    .....                   (no boots)
Stlth   ..........              (no amulet)
HPRegen 0.20/turn               g - ring of flight
MPRegen 0.10/turn               t - ring of protection from cold

@: flying
A: horns 2, retaliatory headbutt
a: no special abilities


You were on level 4 of the Dungeon.
You visited 1 branch of the dungeon, and saw 5 of its levels.

You collected 147 gold pieces.

Inventory:

Hand Weapons
 a - a +0 hand axe
 p - a +0 dagger of venom
 r - a +0 flail
 B - a +1 spear (weapon)
 D - a +0 hunting sling
Missiles
 e - 10 poisoned darts (quivered)
 f - 17 stones
 s - 40 arrows
 u - 18 sling bullets
Armour
 b - a +0 robe
 j - a +0 ring mail
 q - a +0 chain mail (worn)
 y - a +0 scale mail
 E - the +1 leather armour "Afuashef" {rElec}
   (You found it on level 5 of the Dungeon)

   rElec:     It insulates you from electricity.
Magical Staves
 m - a staff of death
 v - a staff of fire
Jewellery
 g - a ring of flight (left hand)
 t - a ring of protection from cold (right hand)
Scrolls
 h - 2 scrolls of teleportation {unknown}
 i - a scroll of magic mapping {unknown}
 l - a scroll of summoning {unknown}
 o - a scroll of vulnerability {unknown}
 x - a scroll of holy word {unknown}
 A - a scroll of identify {unknown}
Potions
 c - a potion of ambrosia {unknown}
 d - a potion of heal wounds {unknown}
 k - a potion of attraction {unknown}
 n - a potion of curing {unknown}
 w - 2 potions of berserk rage {unknown}
 z - a potion of degeneration {unknown}
 C - a potion of might {unknown}


   Skills:
 + Level 5.5 Fighting
 + Level 3.6 Short Blades
 + Level 5.4 Axes
 + Level 0.1(3.3) Maces & Flails
 + Level 4.9 Armour
 + Level 4.4 Dodging
 + Level 2.1 Stealth


You had 6 spell levels left.
You didn't know any spells.
Your spell library contained the following spells:

 Spells                   Type           Power      Damage    Failure   Level
 Sting                    Tmut/Pois      0%         1d3       100%        1
 Poisonous Vapours        Pois/Air       0%         N/A       100%        2
 Frozen Ramparts          Ice            0%         1d2       100%        3
 Ice Form                 Ice/Tmut       0%         N/A       100%        4
 Olgreb's Toxic Radiance  Pois           0%         N/A       100%        4
 Summon Ice Beast         Ice/Summ       0%         N/A       100%        4


Dungeon Overview and Level Annotations

Branches:
Dungeon (5/15)
 Temple: D:4-7

Altars:


Innate Abilities, Weirdness & Mutations

You have a pair of horns on your head.
You reflexively headbutt those who attack you in melee.


Message History

The gnoll is almost dead.
The gnoll hits you with a +0 flail.
You hit the gnoll.
You kill the gnoll!
You hit the ogre.
The ogre is lightly wounded.
The ogre closely misses you.
You hit the ogre.
The ogre is moderately wounded.
You hit the ogre. You headbutt the ogre.
The ogre is heavily wounded.
The ogre hits you but does no damage.
You hit the ogre.
The ogre is heavily wounded.
The ogre hits you but does no damage.
You hit the ogre but do no damage.
The ogre is heavily wounded.
The ogre hits you with a +0 giant club!
You hit the ogre.
The ogre is severely wounded.
You barely miss the ogre.
The ogre is severely wounded.
The ogre hits you with a +0 giant club!!
* * * LOW HITPOINT WARNING * * *
You barely miss the ogre.
The ogre is severely wounded.
The ogre barely misses you.
Reach: B) +1 spear
Press: ? - help, Dir - move target, f - ogre
Aim: an ogre, wielding a +0 giant club (severely wounded, about 22% to evade your +1 spear)
You reach to attack!
You hit the ogre.
The ogre is almost dead.
The ogre barely misses you.
Reach: B) +1 spear
Press: ? - help, Dir - move target, f/p - ogre
Aim: an ogre, wielding a +0 giant club (almost dead, about 22% to evade your +1 spear)
You reach to attack!
You hit the ogre.
The ogre is almost dead.
The ogre hits you with a +0 giant club!!
You die...

...###.)....# ###.....##
###.... ...# ##.....## ##.....#
##... ...## ###....# ###...##
##.. #...## ##...## ##...# ##.
##...# ##...## ##..## ## ##..##
##...# ##..## # # ##..## ##..##
##..## ## ##..## ##..## #...##
.## ##..## #..@## ##...## ..##
##..## ##..O## ##...## ...##
#...### ##...### #....##
....###.....## #.....##
##....##
###..........###......###
#.....#
####.#.###............###......
#...# ####..######..........
#.### #.## ###......##
#.########.#########..[...##


You could see an ogre.

Vanquished Creatures
  Pargi (D:3)
  A sky beast (D:3)
  A bullfrog (D:4)
  A scorpion (D:4)
  A wight (D:4)
  A hound (D:4)
  Jessica (D:2)
  Natasha (thrice) (D:3)
  An orc wizard (D:4)
  2 hound skeletons
  2 gnolls
  5 adders
  4 adder skeletons (D:4)
  2 worms
  4 dart slugs
  5 orcs
  5 bats
  5 endoplasms
  3 giant cockroaches
  12 goblins
  4 hobgoblins
  4 jackals (D:1)
  5 kobolds
  2 quokkas (D:1)
  6 ball pythons
  3 rats (D:1)
84 creatures vanquished.

Vanquished Creatures (others)
  3 plants (D:3)
3 creatures vanquished.

Grand Total: 87 creatures vanquished

Notes
Turn   | Place    | Note
-------+----------+-------------------------------------------
     0 | D:1      | issech the Minotaur Monk began the quest for the Orb.
     0 | D:1      | Reached XP level 1. HP: 19/19 MP: 0/0
   210 | D:1      | Found a faded altar of an unknown god.
   218 | D:1      | Reached XP level 2. HP: 22/27 MP: 1/1
   828 | D:2      | Noticed Jessica
   837 | D:2      | Killed Jessica
   838 | D:2      | Reached XP level 3. HP: 25/33 MP: 2/2
  1128 | D:2      | Reached XP level 4. HP: 40/40 MP: 3/3
  1638 | D:2      | You are sucked into a shaft and drop 2 floors!
  1653 | D:4      | Noticed a sky beast
  2049 | D:3      | Reached skill level 5 in Axes
  2315 | D:3      | Noticed Natasha
  2329 | D:3      | Killed Natasha
  2330 | D:3      | Reached skill level 1 in Armour
  2330 | D:3      | Reached XP level 5. HP: 4/47 MP: 4/4
  2662 | D:3      | Reached skill level 1 in Short Blades
  2722 | D:3      | Noticed Pargi
  2735 | D:3      | Killed Pargi
  2902 | D:3      | Noticed Natasha
  2909 | D:3      | Killed Natasha
  2910 | D:3      | Reached XP level 6. HP: 55/55 MP: 5/5
  2964 | D:3      | Noticed Natasha
  2974 | D:3      | Killed Natasha
  3208 | D:4      | Reached skill level 5 in Fighting
  3391 | D:3      | Killed a sky beast
  3685 | D:4      | Reached XP level 7. HP: 60/61 MP: 6/6
  4465 | D:5      | Entered Level 5 of the Dungeon
  4536 | D:5      | Identified the +1 leather armour "Afuashef" {rElec}
  4590 | D:4      | HP: 3/61 [ogre/+0 giant club (19)]
  4920 | D:4      | Mangled by an ogre

Illustrated notes

Levels and vault maps discovered:
D:1:      dpeg_arrival_houses_and_road, layout_basic,
          chequers_ecumenical_altar_simple_redux
D:2:      layout_loops_ring, uniq_jessica
D:3:      layout_loops_ring, minmay_misc_feat_four_crosses, grunt_ministairs_2,
          guppyfry_early_lair_pool, uniq_natasha, uniq_pargi
D:4:      minmay_thick_lines, layout_rooms
D:5:      lemuel_ratsnest, layout_basic, amcnicky_altar_gilded

Skill      XL: |  1  2  3  4  5  6  7 |
---------------+----------------------+-----
Axes           | 4 5 |  5.4
Dodging        | 4 |  4.4
Fighting       | 4 5 |  5.5
Stealth        | 2 |  2.1
Armour         | 1 2 3 4 |  4.9
Short Blades   | 1 3 |  3.6
Maces & Flails | |  0.1

Action                   |  1- 3 |  4- 6 |  7- 9 || total
-------------------------+-------+-------+-------++-------
Melee: Hand axe          |    50 |    16 |       ||    66
       Headbutt          |     7 |    35 |     9 ||    51
       Dagger            |       |   135 |    15 ||   150
       Punch             |       |     1 |     2 ||     3
       Flail             |       |       |    31 ||    31
       Spear             |       |       |    17 ||    17
Armor: Robe              |     6 |       |       ||     6
       Ring mail         |     3 |     3 |       ||     6
       Chain mail        |       |    99 |    35 ||   134
Dodge: Dodged            |    48 |    72 |    37 ||   157
